 Dungeon Crawl Stone Soup version 0.18-b1-16-g289874d (webtiles) character file.

5469 MirrMurr the Spear-Bearer (level 10, 0/97 HPs)
             Began as a Tengu Berserker on May 1, 2016.
             Was a High Priest of Trog.
             Slain by a centaur warrior (9 damage)
             ... on level 10 of the Dungeon.
             The game lasted 00:29:27 (10419 turns).

MirrMurr the Spear-Bearer (Tengu Berserker)        Turns: 10419, Time: 00:29:28

Health: 0/97       AC: 15    Str: 23    XL:     10   Next: 69%
Magic:  20/20      EV:  8    Int:  9    God:    Trog [*****.]
Gold:   178        SH:  8    Dex: 15    Spells: 0 memorised, 9 levels left

rFire  . . .     SeeInvis .     I - +0 trident
rCold  . . .     Gourm    +     F - +0 plate armour
rNeg   . . .     Faith    .     J - +0 shield
rPois  +         Spirit   .     (helmet restricted)
rElec  .         Dismiss  .     q - +1 cloak {rPois}
rCorr  .         Reflect  .     s - +1 pair of gloves {archery}
SustAt .         Harm     .     (boots unavailable)
MR     .....                    j - amulet of the gourmand
Stlth  ..........               y - ring of magical power
                                (no ring)

@: berserking, very quick, not resistant to hostile enchantments, extremely
unstealthy
A: beak, talons 3, able to fly 1
a: Fly, Berserk, Trog's Hand, Brothers in Arms, Burn Spellbooks, Renounce
Religion


You were on level 10 of the Dungeon.
You worshipped Trog.
Trog was extremely pleased with you.
You were completely stuffed.

You visited 1 branch of the dungeon, and saw 10 of its levels.

You collected 542 gold pieces.
You spent 364 gold pieces at shops.

Inventory:

Hand Weapons
 a - a +0 spear
 H - a +0 halberd
 I - a +0 trident (weapon)
Missiles
 g - 3 javelins (quivered)
 h - 222 stones
 p - 33 tomahawks
 N - 9 poisoned needles
Armour
 q - a +1 cloak of poison resistance (worn)
 s - a +1 pair of gloves of archery (worn)
 F - a +0 plate armour (worn)
 J - a +0 shield (worn)
Jewellery
 j - an amulet of the gourmand (around neck)
 y - a ring of magical power (right hand)
 A - a +3 ring of dexterity {unknown}
Wands
 x - a wand of polymorph (24/24)
 L - a wand of lightning (6/15)
 M - a wand of lightning (9/15)
Scrolls
 r - 5 scrolls of remove curse
 z - 2 scrolls of teleportation
 G - a scroll of fog
Potions
 b - a potion of brilliance
 d - 2 potions of might
 e - 3 potions of curing {unknown}
 k - a potion of cancellation
 l - 3 potions of lignification
 m - a potion of haste
 o - 4 potions of flight {unknown}
 t - a potion of invisibility
 w - a potion of ambrosia
 C - a potion of berserk rage
 D - a potion of resistance {unknown}
 E - a potion of degeneration {unknown}
Comestibles
 c - 4 bread rations
 f - 4 chunks of flesh
 i - 4 meat rations
 u - a slice of pizza
 v - a beef jerky
 B - 5 fruits
 K - a royal jelly


   Skills:
 + Level 8.9 Fighting
 + Level 11.8 Polearms
 * Level 2.1 Armour
 + Level 9.0 Dodging


You had 9 spell levels left.
You didn't know any spells.

Dungeon Overview and Level Annotations

Branches:
Dungeon (10/15)            Temple (0/1) D:5
   Lair: D:8-11         Orc: D:9-12

Altars:
Sif Muna
Vehumet

Shops:
D:9 [


Innate Abilities, Weirdness & Mutations

You have a beak for a mouth.
You have claws for feet.
You can fly.


Message History

The centaur warrior hits you but does no damage.
You are too injured to fight recklessly!
You are too injured to fight recklessly!
You are too injured to fight recklessly!
You hit the centaur warrior but do no damage.
Your kick misses the centaur warrior.
The centaur warrior is severely wounded.
The centaur warrior hits you!
* * * LOW HITPOINT WARNING * * *
You closely miss the centaur warrior.
You claw the centaur warrior, but do no damage.
The centaur warrior is severely wounded.
The centaur warrior hits you but does no damage.
A red film seems to cover your vision as you go berserk!
You feel yourself moving faster!
You feel mighty!
You feel somewhat less full.
The centaur warrior hits you but does no damage.
You barely miss the centaur warrior. You claw the centaur warrior.
The centaur warrior is severely wounded.
The centaur warrior hits you!
You die...

...
#........ .
#########
.$#########
.......@..#
#.##..(c..#
#......#
########


You could see a centaur warrior.

Vanquished Creatures
  2 yaks (D:9)
  A hippogriff (D:7)
  A steam dragon (D:8)
  2 ice beasts
  4 sky beasts
  4 orc warriors
  2 phantoms (D:7)
  A black bear (D:8)
  A necrophage (D:7)
  9 ogres
  A centaur (D:5)
  A crocodile (D:9)
  A big kobold (D:8)
  4 giant frogs
  A gnoll sergeant (D:8)
  A water moccasin zombie (D:7)
  4 scorpions
  A water moccasin skeleton (D:4)
  10 howler monkeys
  A quasit (D:8)
  A centaur zombie (D:5)
  4 crimson imps
  9 orc wizards
  5 hounds
  6 jellies
  6 orc priests
  2 iguanas
  6 worker ants
  2 hound skeletons
  2 worker ant zombies (D:5)
  13 gnolls
  15 adders
  2 shadow imps (D:6)
  An adder zombie (D:7)
  2 worms
  5 dart slugs
  6 giant geckos
  40 orcs
  4 giant cockroaches
  3 goblins
  7 hobgoblins
  14 jackals
  2 quokkas
  A ball python (D:3)
  2 bats
  A giant cockroach zombie (D:5)
  6 giant newts
  A jackal skeleton (D:5)
  12 kobolds
  6 rats
238 creatures vanquished.

Notes
Turn   | Place    | Note
--------------------------------------------------------------
     0 | D:1      | MirrMurr the Tengu Berserker began the quest for the Orb.
     0 | D:1      | Reached XP level 1. HP: 14/14 MP: 2/2
    48 | D:1      | Reached XP level 2. HP: 9/19 MP: 3/3
   486 | D:1      | Reached XP level 3. HP: 22/23 MP: 4/4
   880 | D:2      | Reached ** piety under Trog
   990 | D:2      | Reached XP level 4. HP: 17/29 MP: 5/5
  1626 | D:2      | Reached skill level 4 in Polearms
  1887 | D:3      | Gained mutation: You can fly. [Tengu growth]
  1887 | D:3      | Reached XP level 5. HP: 28/34 MP: 6/6
  2032 | D:3      | Reached *** piety under Trog
  2447 | D:4      | Found a deep blue altar of Sif Muna.
  2521 | D:4      | Reached skill level 5 in Fighting
  2521 | D:4      | Reached XP level 6. HP: 18/40 MP: 7/7
  2658 | D:4      | HP: 1/40 [orc/hand axe of electrocution (15)]
  3349 | D:4      | Reached skill level 5 in Polearms
  3618 | D:4      | Reached XP level 7. HP: 39/44 MP: 8/8
  3925 | D:5      | Entered Level 5 of the Dungeon
  3963 | D:5      | Reached skill level 6 in Polearms
  3966 | D:5      | Reached skill level 5 in Dodging
  4579 | D:5      | Reached XP level 8. HP: 42/51 MP: 9/9
  4657 | D:5      | Found a staircase to the Ecumenical Temple.
  4837 | D:5      | Reached **** piety under Trog
  4897 | D:6      | Reached skill level 7 in Polearms
  5501 | D:6      | Reached skill level 8 in Polearms
  5796 | D:6      | Found a radiant altar of Vehumet.
  5854 | D:6      | Reached XP level 9. HP: 42/56 MP: 10/10
  6413 | D:7      | Reached skill level 9 in Polearms
  7177 | D:7      | Reached skill level 10 in Polearms
  8280 | D:7      | Reached XP level 10. HP: 50/64 MP: 11/11
  8474 | D:8      | Reached ***** piety under Trog
  8719 | D:8      | Reached skill level 11 in Polearms
  9328 | D:8      | Received a gift from Trog
  9644 | D:9      | Identified a scroll of acquirement
 10059 | D:9      | Found Alieb's Antique Armour Shoppe.
 10067 | D:9      | Bought a runed cloak for 121 gold pieces
 10067 | D:9      | Bought a pitted ring mail for 243 gold pieces
 10089 | D:9      | Identified the +3 ring mail "Nuschaumie" {rN+++ rCorr Str-4 Dex+3} (You bought it in a shop on level 9 of the Dungeon)
 10333 | D:10     | Entered Level 10 of the Dungeon
 10401 | D:10     | Noticed a centaur warrior
 10419 | D:10     | Slain by a centaur warrior

Skill      XL: |  1  2  3  4  5  6  7  8  9 10 |
---------------+-------------------------------+-----
Fighting       | 4 5 6 8 |  8.9
Dodging        | 3 4 5 6 7 9 |  9.0
Polearms       | 4 5 6 8 10 11 | 11.8
Armour         | |  2.1

Action                   |  1- 3 |  4- 6 |  7- 9 | 10-12 || total
-------------------------+-------+-------+-------+-------++-------
Melee: Spear             |    86 |   255 |   513 |    80 ||   934
       Peck              |    14 |    39 |   111 |    68 ||   232
       Kick              |    20 |    56 |   156 |   106 ||   338
       Trident           |       |       |       |   246 ||   246
Invok: Berserk           |       |     4 |    14 |     4 ||    22
       Trog's Hand       |       |     1 |     2 |     1 ||     4
  Use: Scroll            |     4 |     7 |     4 |     7 ||    22
  Eat: Chunk             |       |    28 |    31 |    11 ||    70
Armor: Ring mail         |     8 |       |       |       ||     8
       Animal skin       |     1 |       |       |       ||     1
       Chain mail        |    11 |    80 |   117 |    78 ||   286
       Plate armour      |       |       |       |     9 ||     9
Dodge: Dodged            |    31 |    63 |   113 |    64 ||   271
Block: Buckler           |       |     6 |    42 |     4 ||    52
       Shield            |       |       |       |    56 ||    56
